 Dungeon Crawl Stone Soup version 0.22-a0-433-gd2a9cce (webtiles) character file.

218082 DrEnzyme the Warrior (level 18, -5/147 (149) HPs)
             Began as a Gnoll Wanderer on May 25, 2018.
             Killed from afar by a servant of whispers (32 damage)
             ... with a bolt of lightning
             ... in the Desolation of Salt on May 27, 2018.
             The game lasted 03:59:32 (43365 turns).

DrEnzyme the Warrior (Gnoll Wanderer)              Turns: 43365, Time: 03:59:32

HP:   -5/147 (149)  AC: 31    Str: 14    XL:     18   Next: 60%
MP:   31/34         EV: 17    Int: 22    God:    Xom [......]
Gold: 971           SH:  0    Dex: 20    Spells: 10/41 levels left

rFire    + + .     SeeInvis +     - Unarmed
rCold    + . .     Gourm    .   (shield currently unavailable)
rNeg     . . .     Faith    .   o - +1 fire dragon scales
rPois    +         Spirit   .   (helmet restricted)
rElec    .         Reflect  .   w - +2 cloak
rCorr    .         Harm     .   (gloves currently unavailable)
MR       ++++.     Clarity  +   U - +2 pair of boots {run}
Stlth    ++++......             M - necklace of Bloodlust {*Rage +Rage MR++ Int-3 Slay+6 *Curse}
HPRegen  0.34/turn              C - ring of Gison {Ice rPois Int+6 Dex-3 SInv}
MPRegen  0.24/turn              W - +5 ring of protection

@: blade hands, quick
A: distributed training, antennae 2, claws 1, fangs 1, talons 1, icy blue scales
1, slimy green scales 1, see invisible, blink, clarity, clever 2, cold
resistance 1, fire resistance 1, magic resistance 1, shaggy fur 1, strong nose
}: 2/15 runes: decaying, gossamer
a: End Transformation, Blink, Renounce Religion, Evoke Berserk Rage


You were in the Desolation of Salt.
You worshipped Xom.
You were a very special plaything of Xom.
You were very hungry.
You had blades for hands.
You visited 7 branches of the dungeon, and saw 32 of its levels.
You also visited: Labyrinth, Sewer, Ice Cave, Volcano and Desolation.

You collected 3991 gold pieces.
You spent 3020 gold pieces at shops.

Inventory:

Hand Weapons
 a - a +6 demon blade of venom (melded)
 b - a +2 fustibalus of flaming
 q - the +1 broad axe of Exquisite Death {chop, rPois rN++ MP+9 Str-4}
   (You took it off a minotaur in a labyrinth)

   It inflicts extra damage upon your enemies.
   It affects your strength (-4).
   It protects you from poison.
   It greatly protects you from negative energy.
   It affects your magic capacity (+9).
Missiles
 j - 39 sling bullets
Armour
 e - a +4 shield (melded)
 g - +0 ice dragon scales
 o - +1 fire dragon scales (worn)
 w - a +2 cloak (worn)
 T - the +0 pair of gloves of Sloth (melded) {Str+3 Int+2}
   (You bought it in a shop on level 1 of the Orcish Mines)

   It affects your strength (+3).
   It affects your intelligence (+2).
 U - a +2 pair of boots of running (worn)
Jewellery
 h - an uncursed ring of flight
 k - a +4 ring of evasion
 C - the ring of Gison (left scythe-like blade) {Ice rPois Int+6 Dex-3 SInv}
   (You took it off a minotaur on level 6 of the Lair of Beasts)

   [ring of ice]

   It enhances your ice magic.
   It affects your intelligence (+6).
   It affects your dexterity (-3).
   It makes you vulnerable to fire.
   It protects you from cold.
   It protects you from poison.
   It lets you see invisible.
 H - an uncursed ring of positive energy
 M - the necklace of Bloodlust (around neck) {*Rage +Rage MR++ Int-3 Slay+6 *Curse}
   (You acquired it on level 1 of the Orcish Mines)

   [amulet of rage]

   It affects your intelligence (-3).
   It affects your accuracy and damage with ranged weapons and melee attacks
   (+6).
   It affects your resistance to hostile enchantments.
   It lets you go berserk.
   It may make you go berserk in combat.
   It curses itself when equipped.
 P - an uncursed ring of protection from fire
 R - an uncursed ring of wizardry
 W - a +5 ring of protection (right scythe-like blade)
Wands
 c - a wand of enslavement (3)
 l - a wand of digging (25)
 n - a wand of paralysis (12)
 p - a wand of acid (21)
 t - a wand of clouds (3)
 v - a wand of flame (63)
 D - a wand of iceblast (32)
 I - a wand of disintegration (29)
 N - a wand of polymorph (37)
Scrolls
 i - 8 scrolls of identify
 m - 6 scrolls of teleportation
 r - 2 scrolls of enchant weapon
 x - 6 scrolls of blinking
 y - 2 scrolls of fog
 z - a scroll of amnesia
 F - a scroll of silence
 J - 9 scrolls of fear
 X - 4 scrolls of remove curse
Potions
 f - 7 potions of agility
 s - 6 potions of curing
 u - 7 potions of brilliance
 E - 3 potions of cancellation
 G - 3 potions of heal wounds
 K - 2 potions of magic
 L - a potion of invisibility
 O - 4 potions of haste
 Q - 4 potions of might
 V - 5 potions of resistance
Miscellaneous
 B - a lamp of fire
Comestibles
 d - 31 rations
 A - 5 chunks of flesh


   Skills:
 + Level 15.2 Fighting
 + Level 12.1 Short Blades
 + Level 12.1 Long Blades
 + Level 12.1 Axes
 + Level 12.1 Maces & Flails
 + Level 12.1 Polearms
 + Level 12.1 Staves
 + Level 12.1 Slings
 + Level 12.1 Bows
 + Level 12.1 Crossbows
 + Level 12.3 Throwing
 + Level 13.4 Armour
 + Level 12.1 Dodging
 + Level 12.1 Stealth
 + Level 12.1 Shields
 + Level 12.1 Unarmed Combat
 + Level 12.1 Spellcasting
 + Level 10.3 Conjurations
 + Level 10.3 Hexes
 + Level 10.3 Charms
 + Level 10.3 Summonings
 + Level 10.3 Necromancy
 + Level 10.3 Translocations
 + Level 10.3 Transmutations
 + Level 10.3 Fire Magic
 + Level 10.3 Ice Magic
 + Level 10.3 Air Magic
 + Level 10.3 Earth Magic
 + Level 10.3 Poison Magic
 + Level 13.0 Invocations
 + Level 12.3 Evocations


You had 10 spell levels left.
You knew the following spells:

 Your Spells              Type           Power        Failure   Level  Hunger
a - Call Imp              Summ           ######..     11%         2    None
b - Animate Skeleton      Necr           N/A          10%         1    None
c - Apportation           Tloc           ######       10%         1    None
d - Animate Dead          Necr           N/A          24%         4    None
e - Ensorcelled Hibernat  Hex/Ice        ######       11%         2    None
f - Sticks to Snakes      Tmut           ######..     11%         2    None
g - Blade Hands           Tmut           ######....   38%         5    ####...
h - Olgreb's Toxic Radia  Pois           ######..     24%         4    None
i - Conjure Flame         Conj/Fire      ######..     13%         3    None
j - Regeneration          Chrm/Necr      ######....   13%         3    None
k - Passage of Golubria   Tloc           N/A          24%         4    None

Your spell library contained the following spells:

 Spells                   Type           Power        Failure   Level  Hunger
 Cause Fear               Hex            ######....   24%         4    None
 Magic Dart               Conj           ####         10%         1    None
 Slow                     Hex            ######..     11%         2    None
 Confuse                  Hex            ######..     13%         3    None
 Invisibility             Hex            ######..     78%         6    #####..
 Controlled Blink         Tloc           N/A          100%        8    #######
 Freezing Cloud           Conj/Ice/Air   ######....   78%         6    #####..
 Mephitic Cloud           Conj/Pois/Air  ######..     13%         3    None
 Ring of Flames           Chrm/Fire      ######....   99%         7    #######
 Venom Bolt               Conj/Pois      ######....   38%         5    ####...
 Summon Small Mammal      Summ           ####         10%         1    None
 Blink                    Tloc           N/A          11%         2    None
 Iskenderun's Mystic Bla  Conj           ######..     24%         4    None
 Pain                     Necr           ####         10%         1    None
 Vampiric Draining        Necr           ######....   13%         3    None
 Sticky Flame             Conj/Fire      ######..     24%         4    None
 Summon Ice Beast         Ice/Summ       ######..     24%         4    None
 Sting                    Conj/Pois      ####         10%         1    None
 Tukima's Dance           Hex            ######..     13%         3    None
 Summon Demon             Summ           ######....   38%         5    ####...
 Recall                   Summ/Tloc      N/A          13%         3    None
 Spider Form              Tmut/Pois      ######....   13%         3    None
 Ice Form                 Ice/Tmut       ######..     24%         4    None
 Death Channel            Necr           ######....   78%         6    #####..
 Deflect Missiles         Chrm/Air       ######....   78%         6    #####..
 Throw Icicle             Conj/Ice       ######..     24%         4    None
 Shadow Creatures         Summ           N/A          78%         6    #####..
 Confusing Touch          Hex            ######       10%         1    None
 Call Canine Familiar     Summ           ######..     13%         3    None
 Summon Butterflies       Summ           ######..     10%         1    None
 Silence                  Hex/Air        ######....   38%         5    ####...
 Dispersal                Tloc           ######....   78%         6    #####..
 Corona                   Hex            ######.      10%         1    None
 Alistair's Intoxication  Tmut/Pois      ######..     38%         5    ####...
 Simulacrum               Ice/Necr       ######....   78%         6    #####..
 Portal Projectile        Hex/Tloc       ######       13%         3    None
 Petrify                  Tmut/Erth      ######..     24%         4    None
 Summon Hydra             Summ           ######....   99%         7    #######
 Aura of Abjuration       Summ           ######....   38%         5    ####...
 Beastly Appendage        Tmut           ######       10%         1    None
 Disjunction              Tloc           ######....   100%        8    #######
 Dazzling Spray           Conj/Hex       ######       13%         3    None
 Force Lance              Conj/Tloc      ######..     24%         4    None
 Discord                  Hex            ######....   100%        8    #######
 Summon Forest            Summ/Tloc      ######....   38%         5    ####...
 Summon Mana Viper        Hex/Summ       ######..     38%         5    ####...
 Gell's Gravitas          Tloc           ######....   13%         3    None
 Yara's Violent Unravell  Hex/Tmut       ######....   38%         5    ####...
 Lesser Beckoning         Tloc           ######....   13%         3    None
 Poisonous Vapours        Pois/Air       ######       11%         2    None
 Borgnjor's Vile Clutch   Necr/Erth      ######....   38%         5    ####...


Dungeon Overview and Level Annotations

Branches:
Dungeon (14/15)            Temple (1/1) D:5            Lair (6/6) D:8
  Swamp (4/4) Lair:4       Spider (4/4) Lair:4        Slime (0/5) Lair:6
    Orc (2/2) D:12            Elf (0/3) Orc:2        Vaults (1/5) D:14

Altars:
Ashenzari
Cheibriados
Dithmenos
Elyvilon
Fedhas
Gozag
Hepliaklqana
Kikubaaqudgha
Makhleb
Nemelex Xobeh
Okawaru
Qazlal
Ru
Sif Muna
Trog
Uskayaw
Vehumet
Wu Jian
Xom
Yredelemnul
Zin
The Shining One

Shops:
D:4 ?*   D:11 :   Orc:1 *[*:   Orc:2 (:(*   Vaults:1 ?

Annotations:
D:7 exclusion: downstairs
D:10 exclusion: downstairs
D:12 1 exclusion
Lair:2 exclusion: oklob plant
Lair:4 exclusion: downstairs
Swamp:3 exclusion: ghost crab
Swamp:4 Lernaean hydra
Orc:2 exclusion: upstairs


Innate Abilities, Weirdness & Mutations

Your experience applies equally to all skills.
You have very sharp teeth.
Your uncanny sense of smell can sniff out nearby items.
You have a pair of antennae on your head.
You have sharp fingernails.
You have sharp toenails.
You are partially covered in icy blue scales. (AC +2)
You are partially covered in slimy green scales. (AC +2)
You have supernaturally acute eyesight. (SInv)
You can translocate small distances at will.
You possess an exceptional clarity of mind.
Your mind is very acute. (Int +4)
Your flesh is cold resistant. (rC+)
Your flesh is heat resistant. (rF+)
You are resistant to hostile enchantments. (MR+)
You are covered in fur. (AC +1)


Message History

The imperial myrmidon hits you with a demon blade of electrocution.
* * * LOW HITPOINT WARNING * * *
You are electrocuted!
* * * LOW HITPOINT WARNING * * *
The ragged hierophant misses you.
The servant of whispers mumbles some strange prayers to its god.
The air becomes perfectly still.
The ironbrand convoker hits you with a mace.
* * * LOW HITPOINT WARNING * * *
Things that are here:
a club; a robe Your surroundings suddenly seem different.
A saltling comes into view. x2
An ironbrand convoker and a servant of whispers come into view.
The ironbrand convoker moves out of view.
A saltling comes into view.
The servant of whispers calls down the wrath of its god upon you.
The bolt of lightning hits you!
You die...
Xom bursts into laughter!

...............................
...............................
...............................
..........8....................
p........8..p8.................
...........{#..................
...........##..................
..........................##...
..............@................
...............∩...............
...............................
...........∩...............
........................
.............##.........
.............#..........
........................
.......................


You could see a servant of whispers and a saltling.

Vanquished Creatures
  Donald (Swamp:1)
  A thorn hunter (Swamp:4)
  A fire giant (Spider:2)
  4 ghost moths
  A vault warden (Vaults:1)
  An emperor scorpion (Spider:4)
  Louise (Swamp:1)
  A stone giant (D:14)
  2 entropy weavers (Spider:4)
  Nessos (Lair:4)
  A red draconian (Volcano)
  2 minotaurs
  A spark wasp (Spider:4)
  4 vault guards
  A ragged hierophant (Desolation)
  4 ice dragons
  Harold (D:11)
  Fannar (D:12)
  15 hydras
  2 servants of whispers (Desolation)
  A death knight (D:11)
  2 catoblepae
  11 two-headed ogres
  11 alligators
  A centaur warrior (Volcano)
  2 orc high priests (Orc:2)
  6 death yaks
  Urug (D:14)
  A shock serpent (Spider:3)
  2 skeletal warriors
  3 unseen horrors
  A spriggan druid (Swamp:2)
  A shambling mangrove (Swamp:4)
  A deep elf archer (D:14)
  A wizard (D:14)
  A lindwurm (Lair:6)
  5 orc knights
  9 swamp dragons
  An ironbrand convoker (Vaults:1)
  3 phantasmal warriors
  A necromancer (Lair:6)
  14 orb spiders
  Pikel (D:6)
  3 orc sorcerers
  10 slime creatures
  28 wolf spiders
  8 ugly things
  A faun (D:12)
  A centaur zombie (D:13)
  3 cyclopes
  4 moths of wrath
  A salamander (shapeshifter) (Spider:3)
  A guardian serpent (Lair:4)
  Maurice (D:8)
  6 black mambas
  12 elephants
  2 ice statues (IceCv)
  A molten gargoyle (Volcano)
  A gargoyle (D:13)
  2 torpor snails
  2 freezing wraiths
  12 spiny frogs
  7 komodo dragons
  The ghost of mojoiskewl the Skirmisher, a novice GrFi of Wu Jian (D:6)
  A kobold demonologist (D:12)
  4 rime drakes
  11 demonic crawlers
  A hornet (shapeshifter) (D:8)
  8 hornets
  5 trolls
  9 polar bears
  2 tengu conjurers (D:13)
  6 tyrant leeches
  35 jumping spiders
  A dream sheep (D:6)
  7 saltlings (Desolation)
  3 blink frogs (Lair:5)
  4 bog bodies
  8 hippogriffs
  A spriggan (Swamp:4)
  74 redbacks
  38 tarantellas
  3 shadows
  7 wraiths
  2 hogs (D:12)
  8 fire bats (Volcano)
  2 basilisks
  A wyvern (D:10)
  50 yaks
  A fire bat (shapeshifter) (Spider:4)
  3 hungry ghosts (Lab)
  A steam dragon (D:9)
  12 vampire mosquitoes
  4 wargs
  A spatial vortex (Lair:5)
  17 swamp worms
  18 insubstantial wisps
  3 acid dragons
  11 water moccasins
  13 porcupines
  23 ice beasts
  13 swamp drakes
  37 orc warriors
  5 sky beasts
  A black bear (D:8)
  Purgy (Sewer)
  2 eyes of draining
  4 phantoms
  16 ogres
  9 wolves
  9 crocodiles
  24 centaurs
  2 big kobolds
  An earth elemental (Lab)
  9 bullfrogs
  A scorpion (D:8)
  10 killer bees
  18 wights
  An electric eel (Lair:4)
  A howler monkey (D:7)
  6 crimson imps
  2 bullfrog zombies
  5 jellies
  7 lava snakes (Volcano)
  2 centaur skeletons
  6 hounds
  15 orc priests
  A bullfrog skeleton (D:10)
  10 orc wizards
  4 worker ants
  A polar bear simulacrum (Lair:6)
  2 yak simulacra (Lair:6)
  3 wolf simulacra (Lair:6)
  A howler monkey zombie (D:8)
  11 adders
  6 gnolls
  A river rat (D:9)
  A shadow imp (D:7)
  2 white imps
  2 oozes
  An adder skeleton (D:4)
  5 worms
  A dart slug (D:2)
  7 leopard geckos
  93 orcs
  2 ball pythons
  7 giant cockroaches
  7 goblins
  10 hobgoblins
  13 jackals
  4 quokkas
  8 bats
  7 frilled lizards
  19 kobolds
  A leopard gecko zombie (D:8)
  4 rats
  5 river rat simulacra (Lair:6)
  A fungus (Lair:2)
  A plant (Lair:4)
1079 creatures vanquished.

Vanquished Creatures (collateral kills)
  the Lernaean hydra (Swamp:4)
  An emperor scorpion (Spider:4)
  Josephine (D:10)
  A vault guard (D:14)
  An ice dragon (Orc:2)
  A hydra (Swamp:4)
  An orc knight (D:14)
  A phantasmal warrior (D:12)
  An orb spider (Spider:4)
  A wolf spider (Vaults:1)
  2 elephants
  A vault sentinel (Vaults:1)
  A torpor snail (Spider:3)
  An ice statue (Lair:5)
  2 jumping spiders (Lair:4)
  2 hornets
  A tyrant leech (Swamp:2)
  3 polar bears (Orc:2)
  3 redbacks
  3 spriggans
  A wraith (D:10)
  3 yaks
  A swamp worm (Swamp:1)
  A swamp drake (Swamp:1)
  A wolf (Lair:6)
  A crocodile (Lair:5)
  A howler monkey (D:7)
  2 iguanas
  A worker ant (D:7)
  An orc (D:3)
  A plant (Lair:6)
43 creatures vanquished.

Vanquished Creatures (others)
  A fire dragon (Vaults:1)
  4 dream sheep (D:6)
  A redback (Spider:4)
  A crocodile (Lair:3)
  A human (D:3)
  An adder (D:11)
  7 fungi
  5 plants
21 creatures vanquished.

Grand Total: 1143 creatures vanquished

Notes
Turn   | Place    | Note
-------+----------+-------------------------------------------
     0 | D:1      | Reached skill level 10 in Fighting
     0 | D:1      | DrEnzyme the Gnoll Wanderer began the quest for the Orb.
     0 | D:1      | DrEnzyme set off with: a +2 spear, 2 potions of lignification, a +0 robe, a ration
     0 | D:1      | Reached XP level 1. HP: 28/28 MP: 2/2
   103 | D:1      | Reached XP level 2. HP: 36/36 MP: 3/3
   719 | D:2      | Reached XP level 3. HP: 38/42 MP: 4/4
   774 | D:2      | Reached skill level 1 in Invocations
  1115 | D:2      | Reached skill level 1 in Short Blades
  1115 | D:2      | Reached skill level 1 in Long Blades
  1115 | D:2      | Reached skill level 1 in Axes
  1115 | D:2      | Reached skill level 1 in Maces & Flails
  1115 | D:2      | Reached skill level 1 in Polearms
  1115 | D:2      | Reached skill level 1 in Staves
  1115 | D:2      | Reached skill level 1 in Slings
  1115 | D:2      | Reached skill level 1 in Bows
  1115 | D:2      | Reached skill level 1 in Crossbows
  1115 | D:2      | Reached skill level 1 in Dodging
  1115 | D:2      | Reached skill level 1 in Stealth
  1115 | D:2      | Reached skill level 1 in Shields
  1115 | D:2      | Reached skill level 1 in Unarmed Combat
  1115 | D:2      | Reached skill level 1 in Spellcasting
  1155 | D:2      | Reached XP level 4. HP: 40/48 MP: 6/6
  1632 | D:3      | Reached skill level 1 in Conjurations
  1632 | D:3      | Reached skill level 1 in Hexes
  1632 | D:3      | Reached skill level 1 in Charms
  1632 | D:3      | Reached skill level 1 in Summonings
  1632 | D:3      | Reached skill level 1 in Necromancy
  1632 | D:3      | Reached skill level 1 in Translocations
  1632 | D:3      | Reached skill level 1 in Transmutations
  1632 | D:3      | Reached skill level 1 in Fire Magic
  1632 | D:3      | Reached skill level 1 in Ice Magic
  1632 | D:3      | Reached skill level 1 in Air Magic
  1632 | D:3      | Reached skill level 1 in Earth Magic
  1632 | D:3      | Reached skill level 1 in Poison Magic
  1645 | D:3      | Reached XP level 5. HP: 39/54 MP: 7/7
  1970 | D:3      | Found an ancient bone altar of Kikubaaqudgha.
  1970 | D:3      | Noticed a human
  1973 | D:3      | Killed a human
  2700 | D:3      | Learned a level 2 spell: Sticks to Snakes
  3256 | D:4      | Reached XP level 6. HP: 61/61 MP: 4/8
  3297 | D:4      | Found Leroleog's Assorted Antiques.
  3517 | D:4      | Got a translucent dagger
  3520 | D:4      | Identified the +4 dagger "Newtbane" {vamp, +Inv Dex+5} (You found it on level 4 of the Dungeon)
  3851 | D:5      | Entered Level 5 of the Dungeon
  4081 | D:5      | Found an opulent altar of Gozag.
  4085 | D:5      | Found a stormy altar of Qazlal.
  4181 | D:5      | Noticed a phantom
  4323 | D:4      | Found Jyph's Magic Scroll Shop.
  4327 | D:4      | Bought a scroll of enchant weapon for 90 gold pieces
  4327 | D:4      | Bought a scroll of identify for 24 gold pieces
  4327 | D:4      | Bought a scroll of identify for 24 gold pieces
  4703 | D:4      | Found a deep blue altar of Sif Muna.
  4855 | D:5      | Killed a phantom
  4855 | D:5      | Reached XP level 7. HP: 40/67 MP: 10/10
  5400 | D:5      | Found a staircase to the Ecumenical Temple.
  5534 | Temple   | Entered the Ecumenical Temple
  5681 | Temple   | Became a worshipper of Xom of Chaos
  5738 | D:6      | Found a glowing drain.
  5750 | D:6      | Noticed mojoiskewl's ghost (novice GrFi)
  5760 | D:6      | XOM: potion effect (haste)
  5767 | Sewer    | Entered a sewer
  5922 | Sewer    | Noticed Purgy
  5951 | Sewer    | Killed Purgy
  5997 | Sewer    | XOM: harmless Pois miscast
  6074 | D:6      | XOM: potion effect (haste)
  6082 | D:6      | XOM: potion effect (might)
  6105 | D:6      | XOM: silly message
  6110 | D:6      | XOM: enchant monster (good)
  6113 | D:6      | XOM: enchant monster (bad)
  6123 | D:6      | Killed mojoiskewl's ghost
  6123 | D:6      | Reached XP level 8. HP: 47/74 MP: 10/12
  6260 | D:6      | Found a glowing silver altar of Zin.
  6262 | D:6      | Found a snail-covered altar of Cheibriados.
  6460 | D:6      | XOM: divination: magic mapping
  6830 | D:6      | XOM: summons 2 friendly demons
  6941 | D:6      | XOM is BORED!
  6995 | D:6      | Noticed a dream sheep
  6995 | D:6      | Noticed a dream sheep
  6995 | D:6      | Noticed a dream sheep
  6995 | D:6      | Noticed a dream sheep
  6995 | D:6      | Noticed a dream sheep
  6995 | D:6      | Found a shimmering altar of Xom.
  6996 | D:6      | Killed a dream sheep
  6996 | D:6      | Killed a dream sheep
  6996 | D:6      | Killed a dream sheep
  6996 | D:6      | Killed a dream sheep
  6996 | D:6      | Killed a dream sheep
  7451 | D:7      | XOM: summons friendly white imp
  7488 | D:7      | XOM: enchant monster (good)
  7609 | D:7      | XOM: scenery: create altars
  7642 | D:7      | Learned a level 1 spell: Animate Skeleton
  7644 | D:7      | Learned a level 1 spell: Apportation
  7646 | D:7      | Learned a level 1 spell: Confusing Touch
  7649 | D:7      | Learned a level 2 spell: Ensorcelled Hibernation
  7816 | D:7      | Learned a level 2 spell: Call Imp
  8224 | D:8      | Reached skill level 11 in Fighting
  8224 | D:8      | Reached XP level 9. HP: 81/81 MP: 14/14
  8313 | D:8      | Found a staircase to the Lair.
  8390 | D:8      | XOM: cast spell 'Disjunction'
  8764 | D:8      | Noticed a troll
  8786 | D:8      | XOM: polymorph human -> sky beast
  8815 | D:8      | Noticed a hornet
  8815 | D:8      | a wyvern changed into a hornet
  8820 | D:8      | Killed a hornet
  8820 | D:8      | Reached skill level 5 in Throwing
  8820 | D:8      | Reached skill level 5 in Evocations
  8878 | D:8      | XOM: summons friendly iron imp
  8884 | D:8      | Noticed Maurice
  9100 | D:8      | Killed Maurice
  9100 | D:8      | Reached skill level 5 in Invocations
  9200 | D:8      | XOM: harmless Chrm miscast
  9252 | D:8      | Killed a troll
  9382 | D:8      | Reached XP level 10. HP: 88/88 MP: 15/17
  9502 | D:9      | XOM: harmless Conj miscast
  9627 | D:9      | XOM: divination: detect items
 10030 | D:9      | XOM: cloud trail
 10104 | D:9      | XOM: summons friendly quasit
 10348 | D:9      | XOM: polymorph killer bee -> river rat
 10353 | D:9      | Got an ancient leather armour
 10461 | D:9      | Found a blossoming altar of Fedhas.
 10501 | D:9      | Identified the +0 leather armour of the Aged Places {*Drain rElec SInv} (You found it on level 9 of the Dungeon)
 10550 | D:9      | Reached skill level 5 in Short Blades
 10550 | D:9      | Reached skill level 5 in Long Blades
 10550 | D:9      | Reached skill level 5 in Axes
 10550 | D:9      | Reached skill level 5 in Maces & Flails
 10550 | D:9      | Reached skill level 5 in Polearms
 10550 | D:9      | Reached skill level 5 in Staves
 10550 | D:9      | Reached skill level 5 in Slings
 10550 | D:9      | Reached skill level 5 in Bows
 10550 | D:9      | Reached skill level 5 in Crossbows
 10550 | D:9      | Reached skill level 5 in Dodging
 10550 | D:9      | Reached skill level 5 in Stealth
 10550 | D:9      | Reached skill level 5 in Shields
 10550 | D:9      | Reached skill level 5 in Unarmed Combat
 10550 | D:9      | Reached skill level 5 in Spellcasting
 10777 | D:10     | Entered Level 10 of the Dungeon
 10840 | D:10     | Noticed Josephine
 10841 | D:10     | XOM: 1-stop teleportation journey
 10963 | D:10     | XOM: cast spell 'Summon Butterflies'
 10973 | D:10     | XOM: enchant monster (good)
 10978 | D:10     | Killed Josephine
 10982 | D:10     | XOM: polymorph butterfly -> leopard gecko
 10988 | D:10     | XOM: enchant monster (good)
 11048 | D:10     | XOM: scenery: create altars
 11098 | D:9      | XOM: cloud trail
 11417 | D:10     | XOM: confuse monster(s)
 11559 | D:10     | XOM: scenery: create altars
 11693 | D:10     | XOM: potion effect (agility)
 11744 | D:10     | XOM: enchant monster (good)
 11946 | D:11     | XOM: confusion (+ monsters)
 11953 | D:11     | XOM: confuse monster(s)
 11991 | D:11     | Noticed a two-headed ogre
 11994 | D:11     | Noticed a five-headed hydra
 12031 | D:11     | XOM: scenery: create altars
 12035 | D:11     | XOM: divination: detect items
 12036 | D:11     | XOM: potion effect (agility)
 12057 | D:11     | XOM: enchant monster (good)
 12058 | D:11     | XOM: harmless Tmut miscast
 12104 | D:10     | XOM: give mutations
 12104 | D:10     | Gained mutation: You are weak. (Str -2) [Xom's mischief]
 12104 | D:10     | Lost mutation: You are weak. (Str -2) [Xom's mischief]
 12104 | D:10     | Gained mutation: You expend magic power (3 MP) to strengthen your wands. [Xom's mischief]
 12214 | D:11     | Reached XP level 11. HP: 92/95 MP: 17/19
 12232 | D:11     | Noticed a two-headed ogre
 12277 | D:10     | XOM: repel stairs
 12280 | D:10     | XOM: chaos cloud
 12372 | D:10     | Learned a level 5 spell: Blade Hands
 12377 | D:10     | Learned a level 4 spell: Ice Form
 12400 | D:11     | Killed a two-headed ogre
 12431 | D:11     | XOM: mild Tmut miscast
 12550 | D:10     | XOM: medium Chrm miscast
 12615 | D:11     | XOM: harmless Tmut miscast
 12621 | D:11     | XOM: repel stairs
 12641 | D:11     | XOM: confusion (+ monsters)
 12643 | D:11     | XOM: confusion
 12650 | D:11     | XOM: mild Erth miscast
 12655 | D:11     | Noticed a red ugly thing
 12658 | D:11     | XOM: blink monster(s)
 12662 | D:10     | Reached skill level 5 in Conjurations
 12662 | D:10     | Reached skill level 5 in Hexes
 12662 | D:10     | Reached skill level 5 in Charms
 12662 | D:10     | Reached skill level 5 in Summonings
 12662 | D:10     | Reached skill level 5 in Necromancy
 12662 | D:10     | Reached skill level 5 in Translocations
 12662 | D:10     | Reached skill level 5 in Transmutations
 12662 | D:10     | Reached skill level 5 in Fire Magic
 12662 | D:10     | Reached skill level 5 in Ice Magic
 12662 | D:10     | Reached skill level 5 in Air Magic
 12662 | D:10     | Reached skill level 5 in Earth Magic
 12662 | D:10     | Reached skill level 5 in Poison Magic
 12747 | D:10     | XOM: divination: detect items
 12765 | D:10     | XOM: cloud trail
 12830 | D:10     | XOM: divination: magic mapping
 12839 | D:10     | XOM: potion effect (might)
 12845 | D:10     | Killed a cyan ugly thing
 13179 | D:11     | XOM: harmless Conj miscast
 13195 | D:11     | XOM: divination: detect creatures
 13247 | D:11     | Learned a level 3 spell: Conjure Flame
 13262 | D:11     | XOM: mild Fire miscast
 13279 | D:11     | Noticed a skeletal warrior
 13311 | D:11     | XOM: confusion (+ monsters)
 13316 | D:11     | Killed a skeletal warrior
 13412 | D:11     | XOM: stat loss: -1 Str (13/14)
 13596 | D:11     | Noticed Harold
 13600 | D:11     | XOM: summons 5 hostile demons
 13616 | D:11     | Killed a five-headed hydra
 13673 | D:11     | Noticed a phantasmal warrior
 13702 | D:11     | Killed Harold
 13702 | D:11     | Reached skill level 12 in Fighting
 13706 | D:11     | XOM: harmless Pois miscast
 13882 | D:11     | Noticed a two-headed ogre
 13882 | D:11     | XOM: silly message
 13886 | D:11     | XOM: chaos upgrade
 13890 | D:11     | XOM: cleaving
 13895 | D:11     | Killed a two-headed ogre
 13900 | D:11     | Found Kaaletzo's Book Shoppe.
 14009 | D:11     | XOM: mild Necr miscast
 14245 | D:11     | Killed a two-headed ogre
 14389 | D:11     | Noticed a death knight
 14458 | D:9      | Reached XP level 12. HP: 102/102 MP: 17/22
 14586 | Lair:1   | Entered Level 1 of the Lair of Beasts
 14626 | Lair:1   | XOM: harmless Fire miscast
 14740 | Lair:1   | XOM: harmless Chrm miscast
 14859 | Lair:1   | XOM: harmless Tmut miscast
 15157 | Lair:1   | XOM: divination: detect items
 15163 | Lair:1   | XOM: noise
 15421 | Lair:1   | XOM: summons friendly crimson imp
 15732 | Lair:1   | XOM: divination: detect creatures
 15735 | Lair:1   | XOM: potion effect (haste)
 16225 | Lair:2   | XOM: harmless Chrm miscast
 16251 | Lair:2   | XOM: smoke on damage
 16314 | Lair:2   | XOM: divination: magic mapping
 16523 | Lair:1   | XOM: mild Erth miscast
 16831 | Lair:2   | XOM: potion effect (berserk rage)
 16865 | Lair:2   | XOM: cloud trail
 16899 | Lair:2   | XOM: noise
 16957 | Lair:2   | XOM: polymorph bullfrog -> hound
 16990 | Lair:2   | XOM: harmless Tmut miscast
 17013 | Lair:2   | XOM: cloud trail
 17174 | Lair:2   | XOM: harmless Hex miscast
 17225 | Lair:2   | Found a shattered altar of Ashenzari.
 17535 | Lair:3   | XOM: harmless Erth miscast
 17652 | Lair:3   | Found a dark tunnel.
 17680 | Volcano  | Entered a volcano
 17740 | Volcano  | XOM: enchant monster (good)
 17747 | Volcano  | XOM: divination: detect items
 17750 | Volcano  | Reached skill level 10 in Armour
 17755 | Volcano  | XOM: cloud trail
 17780 | Volcano  | XOM: noise
 17882 | Volcano  | Noticed a centaur warrior
 17890 | Volcano  | Killed a centaur warrior
 17893 | Volcano  | Noticed a red draconian
 17898 | Volcano  | Found a burning altar of Makhleb.
 17900 | Volcano  | XOM: cast spell 'Summon Butterflies'
 17904 | Volcano  | XOM: divination: detect creatures
 17913 | Volcano  | Killed a red draconian
 17913 | Volcano  | Reached XP level 13. HP: 27/109 MP: 9/24
 17916 | Volcano  | XOM: smoke on damage
 18116 | Volcano  | XOM: silly message
 18265 | Lair:3   | Lost mutation: You expend magic power (3 MP) to strengthen your wands. [potion of mutation]
 18265 | Lair:3   | Gained mutation: You are resistant to hostile enchantments. (MR+) [potion of mutation]
 18265 | Lair:3   | Gained mutation: You possess an exceptional clarity of mind. [potion of mutation]
 18265 | Lair:3   | Gained mutation: You are partially covered in thin metallic scales. (AC +2) [potion of mutation]
 18433 | Lair:3   | XOM: harmless Necr miscast
 18448 | Lair:3   | XOM: noise
 18454 | Lair:3   | XOM: potion effect (haste)
 18545 | Lair:3   | XOM: cast spell 'Leda's Liquefaction'
 18556 | Lair:3   | XOM: enchant monster (good)
 19114 | Lair:3   | XOM: cloud trail
 19310 | Lair:4   | Noticed Nessos
 19330 | Lair:4   | XOM: divination: detect creatures
 19345 | Lair:4   | XOM: 1-stop teleportation journey
 19351 | Lair:4   | XOM: polymorph jumping spider -> guardian serpent
 19364 | Lair:4   | Killed Nessos
 19531 | Lair:4   | XOM: mild Conj miscast
 19741 | D:11     | Bought a Young Poisoner's Handbook for 720 gold pieces
 19925 | Lair:4   | Found a hole to the Spider Nest.
 19968 | Lair:4   | XOM: cleaving
 19969 | Lair:4   | XOM: fog
 19989 | Lair:4   | Learned a level 4 spell: Olgreb's Toxic Radiance
 20370 | Lair:4   | XOM: 8-stop teleportation journey
 20515 | Lair:4   | XOM: give mutations
 20515 | Lair:4   | Gained mutation: You are covered in fur. (AC +1) [Xom's grace]
 20515 | Lair:4   | Gained mutation: You are partially covered in icy blue scales. (AC +2) [Xom's grace]
 20515 | Lair:4   | Gained mutation: You have large cloven feet. [Xom's grace]
 20515 | Lair:4   | Gained mutation: Your flesh is cold resistant. (rC+) [Xom's grace]
 20702 | Lair:4   | Found a staircase to the Swamp.
 20851 | Lair:4   | XOM: cleaving
 20971 | Lair:4   | XOM: scenery: create altars
 21059 | Spider:1 | Entered Level 1 of the Spider Nest
 21062 | Spider:1 | XOM: potion effect (agility)
 21136 | Lair:5   | Noticed an ice dragon
 21148 | Lair:4   | XOM: give mutation
 21148 | Lair:4   | Gained mutation: You are partially covered in slimy green scales. (AC +2) [Xom's grace]
 21211 | Lair:5   | XOM: cast spell 'Cause Fear'
 21356 | Lair:5   | XOM: summons 6 friendly demons
 21360 | Lair:5   | XOM: divination: detect creatures
 21366 | Lair:5   | XOM: scenery: 2 doors open
 21379 | Lair:5   | XOM: scenery: 1 doors close
 21659 | Lair:3   | XOM: give mutations
 21659 | Lair:3   | Gained mutation: You are agile. (Dex +2) [Xom's grace]
 21659 | Lair:3   | Gained mutation: You are very agile. (Dex +4) [Xom's grace]
 21659 | Lair:3   | Gained mutation: Your system is resistant to poisons. (rPois) [Xom's grace]
 21928 | D:6      | Noticed Pikel
 21932 | D:6      | Killed Pikel
 22277 | D:9      | XOM: god gift: robe {god gift}
 22351 | D:12     | Reached skill level 13 in Fighting
 22700 | D:11     | XOM: scenery: create altars
 22701 | D:11     | XOM: cleaving
 22764 | D:10     | XOM: mild Necr miscast
 22873 | D:10     | XOM: silly message
 23148 | D:10     | XOM: summons 3 hostile shadow creatures
 23405 | Lair:3   | XOM: mild Necr miscast
 23595 | Lair:5   | XOM: scenery: 1 doors open
 23602 | Lair:5   | XOM: scenery: 1 doors close
 23604 | Lair:5   | Reached XP level 14. HP: 106/118 MP: 17/26
 23623 | Lair:4   | XOM: summons 2 hostile shadow creatures
 23624 | Lair:4   | XOM: summons 4 friendly demons
 23625 | Lair:4   | XOM: fog
 23659 | Lair:4   | XOM: give mutation
 23659 | Lair:4   | Lost mutation: You are very agile. (Dex +4) [Xom's mischief]
 23666 | Lair:4   | XOM: harmless Tloc miscast
 24222 | Lair:5   | XOM: summons 2 friendly demons
 24283 | Lair:5   | Got a crude ruby amulet
 24286 | Lair:5   | Identified the amulet of Efokh {Acrobat *Contam rElec MP+9 Int+8} (You found it on level 5 of the Lair of Beasts)
 24503 | Lair:5   | XOM: enchant monster (good)
 24619 | Lair:5   | XOM: mild Tloc miscast
 24624 | Lair:5   | XOM: summons friendly ufetubus
 24730 | Lair:5   | XOM: 1-stop teleportation journey
 24760 | Lair:6   | Entered Level 6 of the Lair of Beasts
 24760 | Lair:6   | XOM: swap monsters
 24775 | Lair:6   | XOM: enchant monster (bad)
 24903 | Lair:6   | XOM: blink monster(s)
 24979 | Lair:6   | XOM: noise
 25173 | Lair:6   | XOM: polymorph death yak -> minotaur
 25174 | Lair:6   | XOM: enchant monster (bad)
 25554 | Lair:6   | XOM: scenery: 1 doors open
 25693 | Lair:6   | XOM: scenery: 1 doors open, 1 doors close
 25860 | Lair:6   | Reached skill level 10 in Invocations
 25887 | Lair:6   | Found a staircase to the Slime Pits.
 26020 | Lair:6   | XOM: scenery: create altars
 26280 | Lair:6   | XOM: cloud trail
 26368 | Lair:6   | XOM: god gift: 22 bolts
 26379 | Lair:6   | Got a heavily runed copper ring
 26652 | Lair:5   | XOM: confuse monster(s)
 26877 | D:11     | XOM: medium Chrm miscast
 26931 | D:11     | Identified the ring of Gison {Ice rPois Int+6 Dex-3 SInv} (You took it off a minotaur on level 6 of the Lair of Beasts)
 27198 | D:12     | XOM: 10-stop teleportation journey
 27211 | D:12     | XOM: polymorph two-headed ogre -> faun
 27343 | D:12     | XOM: 3-stop teleportation journey
 27383 | D:12     | Noticed Fannar
 27395 | D:12     | Killed Fannar
 27405 | D:12     | Found a staircase to the Orcish Mines.
 27447 | D:12     | XOM: summons 4 friendly demons
 27473 | D:12     | XOM: polymorph death knight -> swamp dragon
 27476 | D:12     | XOM: confuse monster(s)
 27751 | Orc:1    | Entered Level 1 of the Orcish Mines
 27767 | Orc:1    | Reached XP level 15. HP: 109/124 MP: 28/28
 27768 | Orc:1    | Found Tuts's Book Shoppe.
 27893 | Orc:1    | XOM: god gift: scroll of enchant weapon
 27935 | Orc:1    | XOM: 1-stop teleportation journey
 27939 | Orc:1    | Found Ylozuj's Assorted Antiques.
 28094 | Orc:2    | Entered Level 2 of the Orcish Mines
 28174 | Orc:2    | Found a frozen archway.
 28179 | Orc:2    | XOM: smoke on damage
 28193 | Orc:2    | XOM: enchant monster (good)
 28198 | Orc:2    | Reached skill level 10 in Throwing
 28198 | Orc:2    | Reached skill level 10 in Evocations
 28201 | Orc:2    | XOM: summons 2 friendly demons
 28207 | Orc:2    | XOM: cast spell 'Discord'
 28314 | Orc:2    | Learned a level 4 spell: Animate Dead
 28315 | IceCv    | Entered an ice cave
 28443 | IceCv    | XOM: summons friendly crimson imp
 28444 | IceCv    | XOM: fog
 28503 | IceCv    | XOM: 1-stop teleportation journey
 29430 | Orc:2    | Found Rudoesum's Weapon Shop.
 29430 | Orc:2    | Found Ashuuzed's Book Emporium.
 29432 | Orc:2    | Found Oshuxucy's Antique Weapon Shoppe.
 29509 | Orc:2    | Found Niasmyr's Assorted Antiques.
 29515 | Orc:2    | XOM: cleaving
 29593 | Orc:2    | XOM: enchant monster (bad)
 29676 | Orc:2    | XOM: polymorph orc warrior -> acid dragon
 29712 | Orc:2    | XOM: 2-stop teleportation journey
 29783 | Orc:2    | XOM is BORED!
 29783 | Orc:2    | XOM: noise
 30056 | Orc:2    | Found a staircase to the Elven Halls.
 30144 | Orc:2    | XOM: cloud trail
 30205 | Orc:2    | Bought a runed demon blade for 504 gold pieces
 30211 | Orc:2    | Bought a fizzy coppery potion for 27 gold pieces
 30327 | Orc:2    | XOM: divination: magic mapping
 30515 | Orc:2    | XOM: give mutation
 30515 | Orc:2    | Gained mutation: You have supernaturally acute eyesight. (SInv) [Xom's grace]
 30587 | Orc:1    | XOM: give mutations
 30587 | Orc:1    | Gained mutation: You have a pair of small antennae on your head. [Xom's grace]
 30587 | Orc:1    | Gained mutation: Your mind is acute. (Int +2) [Xom's grace]
 30587 | Orc:1    | Gained mutation: You can translocate small distances at will. [Xom's grace]
 30587 | Orc:1    | Gained mutation: You have a pair of antennae on your head. [Xom's grace]
 30598 | Orc:1    | Found Amom's Antique Armour Shop.
 30646 | Orc:1    | Bought a pair of faintly glowing gloves for 323 gold pieces
 30646 | Orc:1    | Bought a pair of runed boots for 255 gold pieces
 30650 | Orc:1    | XOM: fog
 30693 | Orc:1    | Identified a +1 pair of boots of running (You bought it in a shop on level 1 of the Orcish Mines)
 30693 | Orc:1    | Identified the +0 pair of gloves of Sloth {Str+3 Int+2} (You bought it in a shop on level 1 of the Orcish Mines)
 30739 | Orc:1    | Found Wunlouge's General Store.
 30752 | Orc:1    | XOM: 4-stop teleportation journey
 30835 | Orc:1    | Bought a scroll of acquirement for 624 gold pieces
 30835 | Orc:1    | Bought a potion of agility for 48 gold pieces
 30837 | Orc:1    | Found the necklace of Bloodlust {*Rage +Rage MR++ Int-3 Slay+6 *Curse}
 30844 | Orc:1    | Lost mutation: Your mind is acute. (Int +2) [mutagenic glow]
 30877 | Orc:1    | XOM: scenery: create altars
 31297 | Spider:1 | Reached skill level 10 in Short Blades
 31297 | Spider:1 | Reached skill level 10 in Long Blades
 31297 | Spider:1 | Reached skill level 10 in Axes
 31297 | Spider:1 | Reached skill level 10 in Maces & Flails
 31297 | Spider:1 | Reached skill level 10 in Polearms
 31297 | Spider:1 | Reached skill level 10 in Staves
 31297 | Spider:1 | Reached skill level 10 in Slings
 31297 | Spider:1 | Reached skill level 10 in Bows
 31297 | Spider:1 | Reached skill level 10 in Crossbows
 31297 | Spider:1 | Reached skill level 10 in Dodging
 31297 | Spider:1 | Reached skill level 10 in Stealth
 31297 | Spider:1 | Reached skill level 10 in Shields
 31297 | Spider:1 | Reached skill level 10 in Unarmed Combat
 31297 | Spider:1 | Reached skill level 10 in Spellcasting
 31591 | Spider:1 | XOM: 4-stop teleportation journey
 31732 | Spider:1 | XOM: cloud trail
 31974 | Spider:2 | XOM: scenery: create altars
 31993 | Spider:2 | Noticed a ghost moth
 32246 | Spider:2 | Noticed a ghost moth
 32256 | Spider:2 | Killed a ghost moth
 32411 | Spider:2 | XOM: give mutations
 32411 | Spider:2 | Gained mutation: You evolve. [Xom's grace]
 32411 | Spider:2 | Gained mutation: Your mind is acute. (Int +2) [Xom's grace]
 32411 | Spider:2 | Gained mutation: Your mind is very acute. (Int +4) [Xom's grace]
 32416 | Spider:2 | XOM: 7-stop teleportation journey
 32416 | Spider:2 | Noticed an emperor scorpion
 32418 | Spider:2 | XOM: cleaving
 32423 | Spider:2 | XOM: god gift: scroll of enchant weapon
 32470 | Spider:2 | XOM: cast spell 'Summon Ice Beast'
 32486 | Spider:2 | Reached skill level 14 in Fighting
 32489 | Spider:2 | Reached XP level 16. HP: 43/133 MP: 20/30
 32679 | Spider:1 | XOM: summons 4 hostile demons
 32858 | Spider:2 | Learned a level 3 spell: Regeneration
 32968 | Spider:2 | XOM: cast spell 'Necromutation'
 33080 | Spider:2 | XOM: 1-stop teleportation journey
 33184 | Spider:2 | XOM: cleaving
 33187 | Spider:2 | XOM: polymorph emperor scorpion -> fire giant
 33189 | Spider:2 | XOM: give mutations
 33189 | Spider:2 | Lost mutation: You evolve. [Xom's mischief]
 33189 | Spider:2 | Lost mutation: You have large cloven feet. [Xom's mischief]
 33189 | Spider:2 | Lost mutation: You are agile. (Dex +2) [Xom's mischief]
 33559 | Spider:3 | XOM: polymorph wolf spider -> shock serpent
 33565 | Spider:3 | XOM: enchant monster (bad)
 33882 | Spider:3 | XOM: noise
 34130 | Spider:3 | XOM: summons 11 friendly demons
 34186 | Spider:3 | XOM: 6-stop teleportation journey
 34232 | Spider:3 | XOM: polymorph orb spider -> black mamba
 34233 | Spider:3 | XOM: fog
 34256 | Spider:3 | XOM: god gift: ration
 34607 | Spider:3 | XOM is BORED!
 34607 | Spider:3 | XOM: summons 5 hostile demons
 34653 | Spider:4 | Entered Level 4 of the Spider Nest
 34655 | Spider:4 | XOM: 9-stop teleportation journey
 34728 | Spider:4 | XOM: smoke on damage
 34894 | Spider:4 | XOM: cloud trail
 35235 | Spider:4 | XOM: 10-stop teleportation journey
 35259 | Spider:4 | XOM: summons friendly ufetubus
 35260 | Spider:4 | XOM: summons friendly quasit
 35263 | Spider:4 | XOM: cast spell 'Disjunction'
 35266 | Spider:4 | XOM: destruction
 35276 | Spider:4 | XOM: divination: detect creatures
 35292 | Spider:4 | XOM: fog
 35305 | Spider:4 | XOM: summons 12 friendly demons
 35465 | Spider:4 | XOM: polymorph hornet -> ogre
 35545 | Spider:4 | XOM: scenery: create altars
 35635 | Spider:4 | XOM: cleaving
 35643 | Spider:4 | XOM: enchant monster (good)
 35717 | Spider:4 | XOM: confuse monster(s)
 35727 | Spider:4 | XOM: smoke on damage
 35746 | Spider:4 | XOM: fog
 35749 | Spider:4 | XOM: summons friendly iron imp
 35759 | Spider:4 | XOM: polymorph wolf spider -> eye of devastation
 35760 | Spider:4 | XOM: polymorph eye of devastation -> mana viper
 36043 | Spider:4 | Reached XP level 17. HP: 120/140 MP: 0/32
 36120 | Spider:4 | XOM: summons 2 hostile demons
 36125 | Spider:4 | XOM: smoke on damage
 36150 | Spider:4 | XOM: enchant monster (bad)
 36155 | Spider:4 | XOM: smoke on damage
 36206 | Spider:4 | XOM: noise
 36342 | Spider:4 | XOM: enchant monster (bad)
 36401 | Spider:4 | Got a gossamer rune of Zot
 36575 | Spider:3 | XOM: scenery: create altars
 36677 | Lair:2   | XOM: 2-stop teleportation journey
 37030 | Swamp:1  | Entered Level 1 of the Swamp
 37066 | Swamp:1  | XOM: give mutations
 37066 | Swamp:1  | Gained mutation: You have sharp toenails. [Xom's grace]
 37066 | Swamp:1  | Gained mutation: Your flesh is heat resistant. (rF+) [Xom's grace]
 37144 | Swamp:1  | Noticed Louise
 37151 | Swamp:1  | XOM: divine lightning
 37153 | Swamp:1  | XOM: summons friendly shadow imp
 37154 | Swamp:1  | XOM: 2-stop teleportation journey
 37162 | Swamp:1  | Killed Louise
 37164 | Swamp:1  | XOM: summons 9 friendly demons
 37180 | Swamp:1  | Noticed Donald
 37194 | Swamp:1  | Killed Donald
 37359 | Swamp:1  | XOM: polymorph shadow imp -> ufetubus
 37384 | Swamp:1  | XOM: silly message
 37474 | Swamp:1  | XOM: cloud trail
 37481 | Swamp:1  | XOM: give mutations
 37481 | Swamp:1  | Gained mutation: You are highly resistant to hostile enchantments. (MR++) [Xom's grace]
 37481 | Swamp:1  | Gained mutation: You expend magic power (3 MP) to strengthen your wands. [Xom's grace]
 37481 | Swamp:1  | Gained mutation: You are somewhat resistant to further mutation. [Xom's grace]
 37511 | Swamp:1  | XOM: summons friendly ufetubus
 37553 | Swamp:1  | XOM: god gift: 58 gold pieces
 37670 | Swamp:1  | XOM: give mutation
 37670 | Swamp:1  | Gained mutation: You have sharp fingernails. [Xom's grace]
 37836 | Swamp:2  | XOM: smoke on damage
 38181 | Swamp:2  | XOM: fog
 38232 | Swamp:2  | Identified Xalut's Witchcraft, Part Four
 38240 | Swamp:2  | Learned a level 4 spell: Passage of Golubria
 38257 | Swamp:2  | XOM: enchant monster (good)
 38290 | Swamp:2  | XOM: divination: detect items
 38624 | Swamp:2  | XOM: divination: detect creatures
 38656 | Swamp:3  | XOM: destruction
 38680 | Swamp:3  | XOM: god gift: falchion {god gift}
 38682 | Swamp:3  | XOM: destruction
 38691 | Swamp:3  | XOM: fog
 38692 | Swamp:3  | XOM: divination: detect creatures
 38699 | Swamp:3  | XOM: smoke on damage
 38704 | Swamp:3  | XOM: scenery: create altars
 38906 | Swamp:2  | XOM: god gift: blackened ruby ring {god gift}
 39016 | Swamp:2  | XOM: give mutations
 39016 | Swamp:2  | Lost mutation: Your flesh is cold resistant. (rC+) [Xom's mischief]
 39016 | Swamp:2  | Lost mutation: You are highly resistant to hostile enchantments. (MR++) [Xom's mischief]
 39016 | Swamp:2  | Lost mutation: Your system is resistant to poisons. (rPois) [Xom's mischief]
 39016 | Swamp:2  | Lost mutation: You are somewhat resistant to further mutation. [Xom's mischief]
 39186 | Swamp:3  | XOM: scenery: create altars
 39832 | Swamp:3  | XOM: give mutations
 39832 | Swamp:3  | Gained mutation: You are agile. (Dex +2) [Xom's grace]
 39832 | Swamp:3  | Gained mutation: Your flesh is cold resistant. (rC+) [Xom's grace]
 39871 | Swamp:4  | Entered Level 4 of the Swamp
 39947 | Swamp:4  | XOM: divination: detect items
 40113 | Swamp:4  | XOM: summons 1 hostile demon
 40183 | Swamp:4  | XOM: enchant monster (bad)
 40190 | Swamp:4  | XOM: enchant monster (bad)
 40262 | Swamp:4  | XOM: give mutation
 40262 | Swamp:4  | Lost mutation: You expend magic power (3 MP) to strengthen your wands. [Xom's mischief]
 40268 | Swamp:4  | XOM: cast spell 'Summon Hydra'
 40302 | Swamp:4  | XOM: fog
 40310 | Swamp:4  | XOM: medium Chrm miscast
 40364 | Swamp:4  | XOM: scenery: create altars
 40371 | Swamp:4  | XOM: swap monsters
 40376 | Swamp:4  | XOM: cast spell 'Ring of Flames'
 40385 | Swamp:4  | Reached skill level 10 in Conjurations
 40385 | Swamp:4  | Reached skill level 10 in Hexes
 40385 | Swamp:4  | Reached skill level 10 in Charms
 40385 | Swamp:4  | Reached skill level 10 in Summonings
 40385 | Swamp:4  | Reached skill level 10 in Necromancy
 40385 | Swamp:4  | Reached skill level 10 in Translocations
 40385 | Swamp:4  | Reached skill level 10 in Transmutations
 40385 | Swamp:4  | Reached skill level 10 in Fire Magic
 40385 | Swamp:4  | Reached skill level 10 in Ice Magic
 40385 | Swamp:4  | Reached skill level 10 in Air Magic
 40385 | Swamp:4  | Reached skill level 10 in Earth Magic
 40385 | Swamp:4  | Reached skill level 10 in Poison Magic
 40391 | Swamp:4  | Noticed the 27-headed Lernaean hydra
 40396 | Swamp:4  | Killed the 27-headed Lernaean hydra
 40396 | Swamp:4  | Reached XP level 18. HP: 139/148 MP: 27/33
 40520 | Swamp:4  | Got a decaying rune of Zot
 40621 | Swamp:4  | XOM: summons 1 hostile demon
 40958 | D:8      | XOM: mild Necr miscast
 41098 | D:13     | Found a labyrinth entrance.
 41106 | Lab      | Entered a labyrinth
 41627 | Lab      | XOM: noise
 41726 | Lab      | Got a dazzling broad axe {chop}
 41753 | D:13     | Identified the cursed +1 broad axe of Exquisite Death {chop, rPois rN++ MP+9 Str-4} (You took it off a minotaur in a labyrinth)
 41806 | D:13     | XOM: 4-stop teleportation journey
 41810 | D:13     | Reached skill level 15 in Fighting
 41873 | D:13     | Got a pitted rapier
 41874 | D:13     | Identified the +6 rapier "Pammeb" {flame, +Blink} (You found it on level 13 of the Dungeon)
 41973 | D:13     | XOM: 2-stop teleportation journey
 41991 | D:13     | XOM: 2-stop teleportation journey
 42000 | D:13     | XOM: chaos cloud
 42069 | D:13     | XOM: noise
 42162 | D:13     | XOM: summons 1 hostile shadow creature
 42237 | D:13     | XOM: cast spell 'Leda's Liquefaction'
 42348 | D:13     | XOM: god gift: wand of disintegration (18)
 42439 | D:13     | XOM: give mutations
 42439 | D:13     | Lost mutation: You are agile. (Dex +2) [Xom's mischief]
 42439 | D:13     | Lost mutation: You are partially covered in thin metallic scales. (AC +2) [Xom's mischief]
 42729 | D:14     | XOM: divination: magic mapping
 42803 | D:14     | XOM: divination: detect items
 42820 | D:14     | XOM: mild Necr miscast
 42825 | D:14     | XOM: blink monster(s)
 42850 | D:14     | Identified the +6 trident "Bouwiful" {antimagic, rC+ Str-4 Dex+7} (You found it on level 14 of the Dungeon)
 42858 | D:14     | XOM: scenery: create altars
 42970 | D:14     | Noticed Urug
 42974 | D:14     | XOM: enchant monster (good)
 42984 | D:14     | Killed Urug
 43104 | D:14     | Found a gate to the Vaults.
 43118 | Vaults:1 | Entered Level 1 of the Vaults
 43124 | Vaults:1 | Found Giro's Magic Scroll Shoppe.
 43136 | Vaults:1 | Bought a scroll of enchant weapon for 127 gold pieces
 43136 | Vaults:1 | Bought a scroll of enchant weapon for 127 gold pieces
 43136 | Vaults:1 | Bought a scroll of enchant armour for 127 gold pieces
 43179 | Vaults:1 | XOM: enchant monster (good)
 43197 | Vaults:1 | XOM: swap monsters
 43287 | Vaults:1 | Found a ruined gateway.
 43300 | Desolati | Entered the Desolation of Salt
 43327 | Desolati | XOM: mild Necr miscast
 43365 | Desolati | Killed from afar by a servant of whispers

Vault maps used:
D:1:      dpeg_arrival_leaves_temple_mockup
D:2:      minivault_23
D:3:      tgw_kikubaaqudgha
D:4:      kennysheep_mini_moat, serial_shops, shop, shop, first_ration,
          minmay_misc_feat_encased
D:5:      grunt_temple_overflow_open, temple_hall
D:6:      chequers_temple_overflow_statue_of_worship,
          cheibrodos_sewer_entry_drain, kb_xom_exploding_sheep, uniq_pikel
D:8:      lair_entry_dummy, grunt_pizzeria, st_stairs_13, uniq_maurice
D:9:      fedhas_altar_1
D:10:     uniq_josephine
D:11:     serial_shops, shop, uniq_harold
D:12:     orc_0_dummy, uniq_kirke, uniq_fannar
D:13:     lab_entry_generic, kennysheep_generic_room_16
D:14:     cheibrodos_monumental, grunt_vaults_entry_fortified, spider_trap,
          uniq_urug
Temple:   eino_temple_rhombus
Lair:1:   cheibrodos_lair_reptile_den, grunt_megastairs_4
Lair:2:   lemuel_oklob_altar
Lair:3:   nicolae_volcano_entry_two_sided, serial_bayou_shore_b,
          grunt_megastairs_2
Lair:4:   nicolae_swamp_entry_splash_gauntlet,
          nicolae_spider_entry_tight_spaces, uniq_nessos
Lair:5:   ice2_lemuel, infiniplex_staircase_pool_2, grunt_megastairs_5
Lair:6:   grunt_lair_end_beastmaster, minmay_slime_entry_pillars,
          eino_house_with_fridge
Swamp:1:  hangedman_swamp_cone, uniq_louise, uniq_donald
Swamp:2:  evilmike_swamp_ruin_house_3, swamp_pool4
Swamp:3:  evilmike_swamp_ruin_house_6, swamp_pool5
Swamp:4:  swamp_old_school
Spider:2: nicolae_spider_cling_ruins
Spider:4: grunt_spider_rune_parallel
Orc:1:    serial_shops, shop, shop_coins, shop, nicolae_shop_waterfront
Orc:2:    st_orc_rangers, portal_ice_cave_entry_animals_and_master
Vaults:1: nicolae_vaults_fighting_squares, nicolae_vaults_little_squares_1,
          serial_ice_m, hangedman_vaults_unwind,
          nicolae_vaults_network_quinsquares, nicolae_vaults_diagonal_hallway_8,
          vaults_room_grid, v_alt_pattern_4, v_misc_27, vaults_mumra_hexcomb,
          vaults_dpeg_diagonal, vaults_room_hallway, v_rooms_4,
          hangedman_vaults_nails, serial_shops, nicolae_shop_stone, shop,
          portal_desolation_entry_nicolae_slug
Lab:      labyrinth_watery, labyrinth_glass_1, lab_hedge, nicolae_lab_t_cross,
          nicolae_lab_diamond, labyrinth_skeletal_remains
Sewer:    sewer_co_purgy_island
IceCv:    ice_cave_small_dragons
Volcano:  volcano_grotto

Skill      XL: |  1  2  3  4  5  6  7  8  9 10 11 12 13 14 15 16 17 18 |
---------------+-------------------------------------------------------+-----
Fighting       | 11 12 13 14 15 | 15.2
Invocations    | 1 2 3 4 5 6 7 8 9 10 11 12 13 | 13.0
Short Blades   | 1 2 3 4 5 6 7 8 9 10 11 12 | 12.1
Long Blades    | 1 2 3 4 5 6 7 8 9 10 11 12 | 12.1
Axes           | 1 2 3 4 5 6 7 8 9 10 11 12 | 12.1
Maces & Flails | 1 2 3 4 5 6 7 8 9 10 11 12 | 12.1
Polearms       | 1 2 3 4 5 6 7 8 9 10 11 12 | 12.1
Staves         | 1 2 3 4 5 6 7 8 9 10 11 12 | 12.1
Slings         | 1 2 3 4 5 6 7 8 9 10 11 12 | 12.1
Bows           | 1 2 3 4 5 6 7 8 9 10 11 12 | 12.1
Crossbows      | 1 2 3 4 5 6 7 8 9 10 11 12 | 12.1
Dodging        | 1 2 3 4 5 6 7 8 9 10 11 12 | 12.1
Stealth        | 1 2 3 4 5 6 7 8 9 10 11 12 | 12.1
Shields        | 1 2 3 4 5 6 7 8 9 10 11 12 | 12.1
Unarmed Combat | 1 2 3 4 5 6 7 8 9 10 11 12 | 12.1
Spellcasting   | 1 2 3 4 5 6 7 8 9 10 11 12 | 12.1
Conjurations   | 1 2 3 4 5 6 7 8 9 10 | 10.3
Hexes          | 1 2 3 4 5 6 7 8 9 10 | 10.3
Charms         | 1 2 3 4 5 6 7 8 9 10 | 10.3
Summonings     | 1 2 3 4 5 6 7 8 9 10 | 10.3
Necromancy     | 1 2 3 4 5 6 7 8 9 10 | 10.3
Translocations | 1 2 3 4 5 6 7 8 9 10 | 10.3
Transmutations | 1 2 3 4 5 6 7 8 9 10 | 10.3
Fire Magic     | 1 2 3 4 5 6 7 8 9 10 | 10.3
Ice Magic      | 1 2 3 4 5 6 7 8 9 10 | 10.3
Air Magic      | 1 2 3 4 5 6 7 8 9 10 | 10.3
Earth Magic    | 1 2 3 4 5 6 7 8 9 10 | 10.3
Poison Magic   | 1 2 3 4 5 6 7 8 9 10 | 10.3
Throwing       | 3 4 5 6 7 8 9 10 11 12 | 12.3
Evocations     | 3 4 5 6 7 8 9 10 11 12 | 12.3
Armour         | 7 8 9 10 11 12 13 | 13.4

Action                   |  1- 3 |  4- 6 |  7- 9 | 10-12 | 13-15 | 16-18 || total
-------------------------+-------+-------+-------+-------+-------+-------++-------
Melee: Spear             |   119 |   155 |       |       |       |       ||   274
       Bite              |     5 |    34 |    92 |   186 |   267 |   179 ||   763
       Dagger            |       |    69 |   460 |   663 |       |       ||  1192
       Unarmed           |       |       |       |   114 |   589 |   454 ||  1157
       Punch             |       |       |       |     5 |    21 |    28 ||    54
       Falchion          |       |       |       |   296 |   738 |       ||  1034
       Kick              |       |       |       |       |   483 |       ||   483
       Demon blade       |       |       |       |       |    87 |   662 ||   749
Throw: Stone             |     2 |       |       |    11 |     6 |       ||    19
 Cast: Sticks to Snakes  |       |     4 |     4 |     8 |    25 |       ||    41
       Blade Hands       |       |       |       |    13 |    56 |    31 ||   100
       Conjure Flame     |       |       |       |    11 |    19 |     3 ||    33
       Ensorcelled Hiber |       |       |       |     1 |     2 |       ||     3
       Olgreb's Toxic Ra |       |       |       |       |    18 |    33 ||    51
       Call Imp          |       |       |       |       |     9 |       ||     9
       Animate Skeleton  |       |       |       |       |     3 |       ||     3
       Regeneration      |       |       |       |       |       |    46 ||    46
       Passage of Golubr |       |       |       |       |       |     1 ||     1
 Abil: Evoke Invisibilit |       |     6 |    11 |     7 |       |       ||    24
       Evoke Flight      |       |       |     4 |     1 |     3 |       ||     8
       Stop Flying       |       |       |     1 |       |       |       ||     1
Evoke: Wand              |       |       |     1 |    26 |     9 |    33 ||    69
       Phantom mirror    |       |       |       |       |       |     1 ||     1
  Use: Scroll            |     3 |     5 |     6 |    13 |    21 |    23 ||    71
       Potion            |     1 |     1 |     5 |     9 |    12 |     2 ||    30
 Stab: Sleeping          |       |     7 |     2 |     9 |    11 |    15 ||    44
       Invisible         |       |     6 |    20 |    21 |       |       ||    47
       Distracted        |       |       |     1 |     2 |     8 |     2 ||    13
       Paralysed         |       |       |     1 |       |       |     1 ||     2
       Confused          |       |       |       |     2 |     2 |     4 ||     8
  Eat: Chunk             |     1 |     9 |    12 |    29 |    49 |    16 ||   116
       Ration            |       |     3 |     2 |     4 |     4 |     8 ||    21
Armor: Robe              |    19 |    13 |       |       |       |       ||    32
       Skin              |     5 |       |       |    37 |    22 |       ||    64
       Leather armour    |       |       |    49 |     6 |       |       ||    55
       Chain mail        |       |       |       |    32 |       |       ||    32
       Steam dragon scal |       |       |       |    64 |       |       ||    64
       Fire dragon scale |       |       |       |    16 |   552 |   656 ||  1224
Dodge: Dodged            |    53 |    89 |   250 |   752 |  1288 |   863 ||  3295
Block: Buckler           |       |    38 |   151 |   334 |   375 |   165 ||  1063
       Shield            |       |       |       |       |       |   225 ||   225
       Rpst.: Falchion   |       |       |       |    60 |    97 |       ||   157
       Demon blade       |       |       |       |       |    12 |    79 ||    91

Table legend:
 A = Spawn XP
 B = Non-spawn XP
 C = Spawn XP percentage of total XP
 D = Spawn monster count
 E = Non-spawn monster count
 F = Spawn count percentage of total count
 G = Total turns spent on level
                    A         B        C        D         E        F      G
               +---------+---------+-------+---------+---------+-------+---------
         Total |       0 |  287707 |   0.0 |       0 |    1118 |   0.0 | 43365
               +---------+---------+-------+---------+---------+-------+---------
           D:1 |       0 |      22 |   0.0 |       0 |      12 |   0.0 |   915
           D:2 |       0 |      78 |   0.0 |       0 |      27 |   0.0 |   676
           D:3 |       0 |     197 |   0.0 |       0 |      29 |   0.0 |  1622
           D:4 |       0 |     137 |   0.0 |       0 |      13 |   0.0 |  1170
           D:5 |       0 |     361 |   0.0 |       0 |       9 |   0.0 |  1298
           D:6 |       0 |    1545 |   0.0 |       0 |      25 |   0.0 |  1459
           D:7 |       0 |     470 |   0.0 |       0 |      12 |   0.0 |  1096
           D:8 |       0 |    2429 |   0.0 |       0 |      39 |   0.0 |  1578
           D:9 |       0 |    1343 |   0.0 |       0 |      25 |   0.0 |  1855
          D:10 |       0 |    3977 |   0.0 |       0 |      34 |   0.0 |  2477
          D:11 |       0 |   10735 |   0.0 |       0 |      50 |   0.0 |  1953
          D:12 |       0 |    7800 |   0.0 |       0 |      18 |   0.0 |  1061
          D:13 |       0 |    7481 |   0.0 |       0 |      39 |   0.0 |   980
          D:14 |       0 |   15936 |   0.0 |       0 |      30 |   0.0 |   410
        Lair:1 |       0 |    2994 |   0.0 |       0 |      19 |   0.0 |  2179
        Lair:2 |       0 |    4182 |   0.0 |       0 |      18 |   0.0 |  1473
        Lair:3 |       0 |    5508 |   0.0 |       0 |      23 |   0.0 |  1273
        Lair:4 |       0 |   11538 |   0.0 |       0 |      35 |   0.0 |  2296
        Lair:5 |       0 |   10587 |   0.0 |       0 |      37 |   0.0 |  1306
        Lair:6 |       0 |   16287 |   0.0 |       0 |      66 |   0.0 |  1888
       Swamp:1 |       0 |    9184 |   0.0 |       0 |      18 |   0.0 |   718
       Swamp:2 |       0 |    9949 |   0.0 |       0 |      35 |   0.0 |  1306
       Swamp:3 |       0 |    9824 |   0.0 |       0 |      23 |   0.0 |   883
       Swamp:4 |       0 |   29163 |   0.0 |       0 |      54 |   0.0 |   879
      Spider:1 |       0 |    9925 |   0.0 |       0 |      34 |   0.0 |  1423
      Spider:2 |       0 |   21464 |   0.0 |       0 |      59 |   0.0 |  1084
      Spider:3 |       0 |   14120 |   0.0 |       0 |      42 |   0.0 |   994
      Spider:4 |       0 |   38565 |   0.0 |       0 |      89 |   0.0 |  1914
         Orc:1 |       0 |    1633 |   0.0 |       0 |      19 |   0.0 |   728
         Orc:2 |       0 |   14092 |   0.0 |       0 |      99 |   0.0 |  1659
      Vaults:1 |       0 |    8784 |   0.0 |       0 |      19 |   0.0 |   182
           Lab |       0 |    2063 |   0.0 |       0 |       6 |   0.0 |   645
         Sewer |       0 |     149 |   0.0 |       0 |       8 |   0.0 |   307
         IceCv |       0 |    5298 |   0.0 |       0 |      20 |   0.0 |   873
       Volcano |       0 |    4983 |   0.0 |       0 |      23 |   0.0 |   582
    Desolation |       0 |    4904 |   0.0 |       0 |      10 |   0.0 |    65
               +---------+---------+-------+---------+---------+-------+---------
